 Dungeon Crawl Stone Soup version 0.28-a0-691-gad6df49e81 (webtiles) character file.

Game seed: 13275968010788660374

17458 kae the Martial Artist (level 12, -4/129 HPs)
             Began as a Red Draconian Transmuter on Oct 20, 2021.
             Was a Priest of Wu Jian.
             Slain by a cane toad (19 damage)
             ... on level 1 of the Lair of Beasts.
             The game lasted 00:15:32 (20667 turns).

kae the Martial Artist (Red Draconian Transmuter)  Turns: 20667, Time: 00:15:33

Health: -4/129     AC:  7    Str: 12    XL:     12   Next: 19%
Magic:  13/15      EV: 10    Int: 16    God:    Wu Jian [***...]
Gold:   2508       SH:  0    Dex: 15    Spells: 7/15 levels left

rFire   x . .      SeeInvis .     - Unarmed
rCold   + + +      Faith    .   (shield currently unavailable)
rNeg    . . .      Spirit   .   (armour unavailable)
rPois   +          Reflect  .   (helmet currently unavailable)
rElec   .          Harm     .   (cloak currently unavailable)
rCorr   +          Rampage  .   (gloves currently unavailable)
Will    .....                   (boots currently unavailable)
Stlth   +.........              (no amulet)
HPRegen 0.31/turn               n - ring of resist corrosion
MPRegen 0.14/turn               y - ring of protection from cold

@: lethally poisoned (-4 -> -18), ice-form
A: freezing attack, amphibious, boosted hp, (breathe fire), AC +8, large,
unfitting armour, (fire resistance 1), (cold-blooded)
a: End Transformation, Renounce Religion, Wall Jump, Serpent's Lash


You were on level 1 of the Lair of Beasts.
You worshipped Wu Jian.
Wu Jian was most pleased with you.
You were a creature of crystalline ice.
You visited 2 branches of the dungeon, and saw 12 of its levels.
You also visited: Ossuary.

You collected 2556 gold pieces.
You spent 48 gold pieces at shops.

Inventory:

Missiles
 c - a throwing net
Armour
 A - a +2 cloak of stealth (melded)
Jewellery
 n - a ring of resist corrosion (left front paw)
 p - a +6 ring of intelligence
 q - a ring of magical power
 t - a ring of wizardry
 v - a ring of flight
 y - a ring of protection from cold (right front paw)
Wands
 k - a wand of digging (4)
 o - a wand of paralysis (13)
 r - a wand of iceblast (18)
 s - a wand of acid (12)
 u - a wand of polymorph (4)
 x - a wand of mindburst (11)
Scrolls
 b - 3 scrolls of fog
 e - 2 scrolls of fear
 f - 6 scrolls of amnesia
 h - 7 scrolls of identify
 j - 4 scrolls of immolation
 l - a scroll of brand weapon
Potions
 a - 5 potions of attraction
 d - 2 potions of curing
 g - 3 potions of ambrosia
 i - a potion of resistance
 m - 2 potions of lignification
 z - a potion of brilliance


   Skills:
 + Level 10.6 Fighting
 - Level 1.7 Dodging
 * Level 14.0 Unarmed Combat
 - Level 2.0 Spellcasting
 + Level 10.1 Transmutations
 - Level 4.0 Ice Magic
 - Level 2.0 Poison Magic


You had 7 spell levels left.
You knew the following spells:

 Your Spells              Type           Power      Damage    Failure   Level
a - Beastly Appendage     Tmut           68%        N/A       1%          1
b - Spider Form           Tmut/Pois      10%        N/A       4%          3
c - Ice Form              Ice/Tmut       24%        N/A       11%         4

Your spell library contained the following spells:

 Spells                   Type           Power      Damage    Failure   Level
 Wereblood                Tmut           34%        N/A       1%          2
 Passwall                 Tmut/Erth      14%        N/A       3%          2
 Magic Dart               Conj           4%         1d3       21%         1
 Sandblast                Erth           2%         2d4       21%         1
 Summon Small Mammal      Summ           4%         N/A       21%         1
 Call Imp                 Summ           1%         N/A       30%         2
 Mephitic Cloud           Conj/Pois/Air  3%         N/A       43%         3
 Call Canine Familiar     Summ           1%         N/A       52%         3
 Dazzling Flash           Conj/Hex       2%         N/A       52%         3
 Gell's Gravitas          Tloc           0%         N/A       52%         3
 Stone Arrow              Conj/Erth      2%         3d7       52%         3
 Summon Guardian Golem    Hex/Summ       1%         N/A       52%         3
 Teleport Other           Tloc           1%         N/A       52%         3
 Iskenderun's Mystic Bla  Conj/Tloc      1%         2d3       90%         4
 Dispersal                Tloc           0%         N/A       100%        6
 Starburst                Conj/Fire      0%         6d3       100%        6


Dungeon Overview and Level Annotations

Branches:
Dungeon (11/15)            Temple (0/1) D:6            Lair (1/6) D:11
    Orc (0/2) D:10        Ossuary (visited)

Altars:
Dithmenos
Elyvilon
Fedhas
Hepliaklqana
Nemelex Xobeh
Okawaru
Sif Muna
Vehumet
Wu Jian
Yredelemnul
Zin
Jiyva

Shops:
D:3 !

Annotations:
D:11 exclusion: obsidian statue


Innate Abilities, Weirdness & Mutations

You are a creature of crystalline ice.
You have a powerful freezing melee attack.
You are amphibious.
Your maximum health is increased.
Your armour is entirely melded.
You are incapable of wielding weapons or throwing items.
((You can breathe blasts of fire.))
((Your fiery red scales are hard. (AC +8)))
You cannot fit into any form of body armour.
((Your flesh is heat resistant. (rF+)))
((You are cold-blooded and may be slowed by cold attacks.))


Message History

A komodo dragon comes into view.
The komodo dragon hisses angrily.
A cane toad comes into view.
You lunge at the cane toad, in a flurry of attacks.
The cane toad croaks.
You pummel the cane toad!! You freeze the cane toad.
The cane toad is severely wounded.
You hit the cane toad. You freeze the cane toad.
The cane toad is severely wounded.
The cane toad stings you!
You pummel the cane toad!! You freeze the cane toad.
You kill the cane toad!
The Council accepts your kill.
Aiming: Wall Jump
Press: ? - help, Dir - move target You have no room to wall jump there; the komodo dragon is in the way.
Unknown command.
You hit the komodo dragon but do no damage.
The komodo dragon bites you!!
Aiming: Wall Jump
Press: ? - help, Dir - move target You repeatedly attack the komodo dragon from above.
You pummel the komodo dragon!! You freeze the komodo dragon.
The komodo dragon is heavily wounded.
You pummel the komodo dragon!!
The komodo dragon seems to slow down.
You freeze the komodo dragon!
You kill the komodo dragon!
The Council accepts your kill. The cane toad stings you!!
* * * LOW HITPOINT WARNING * * *
You are poisoned.
The cane toad poisons you!
Your Unarmed Combat skill increases to level 14!
You pummel the cane toad!!
The cane toad seems to slow down.
You freeze the cane toad.
The cane toad is severely wounded.
* * * LOW HITPOINT WARNING * * *
You feel very sick. The cane toad stings you!!
You die...

#......................
#....................^
#.....................
#...................
##...#.##########...
##..#### #... #...#
#... ##°.## #... #..Y.#
#... #..F°°# #...
#.......... #...
#.......#..#
#..........#
##......#..#
#.........# ##.....#..≈


You could see a cane toad (slow).

Vanquished Creatures
  Harold (D:8)
  4 two-headed ogres
  5 skeletal warriors
  Pikel (D:4)
  A manticore (D:8)
  A cyclops (D:11)
  Joseph (D:7)
  Maggie (D:7)
  2 gargoyles
  A cane toad (Lair:1)
  2 komodo dragons (Lair:1)
  A hornet (D:9)
  A troll (D:10)
  2 water elementals (D:10)
  Sigmund (D:7)
  9 yaks
  2 wraiths
  The ghost of bmj180 the Chopper, an amateur HOFi (D:3)
  A wyvern (D:10)
  3 vampire mosquitoes (D:10)
  A steam dragon (D:6)
  Menkaure (D:6)
  Duvessa (D:4)
  The ghost of Megustar the Firebug, an amateur DEFE (D:3)
  6 orc warriors
  A sky beast (D:5)
  The ghost of bmj180 the Conjurer, an amateur DrCj (D:3)
  4 centaurs
  3 ogres
  A lemure (D:4)
  2 kobold brigands
  5 bullfrogs
  2 scorpions
  A wyvern zombie (D:7)
  Dowan (D:4)
  A water moccasin skeleton (D:7)
  7 killer bees
  3 wights (D:9)
  2 electric eels (D:11)
  4 howler monkeys
  5 centaur zombies
  9 jellies
  A bullfrog skeleton (D:7)
  8 hounds
  Crazy Yiuf (D:7)
  2 human zombies (Ossuary)
  10 orc priests
  2 centaur skeletons
  An iguana (D:5)
  Terence (D:2)
  Natasha (thrice) (D:4)
  10 orc wizards
  A killer bee zombie (D:7)
  A hound zombie (D:5)
  4 mummies (Ossuary)
  A howler monkey zombie (D:9)
  A howler monkey skeleton (D:7)
  3 adders
  A shadow imp (D:7)
  A white imp (D:6)
  2 worms (D:2)
  7 dart slugs
  39 orcs
  6 bats
  3 endoplasms
  2 giant cockroaches
  8 goblins
  13 hobgoblins
  6 jackals
  3 quokkas
  4 ball pythons
  2 frilled lizards
  2 goblin zombies (Ossuary)
  17 kobolds
  2 kobold zombies (Ossuary)
  An orc zombie (Ossuary)
  9 rats
281 creatures vanquished.

Vanquished Creatures (others)
  4 withered plants (D:3)
4 creatures vanquished.

Grand Total: 285 creatures vanquished

Notes
Turn   | Place    | Note
-------+----------+-------------------------------------------
     0 | D:1      | kae the Draconian Transmuter began the quest for the Orb.
     0 | D:1      | Reached XP level 1. HP: 16/16 MP: 3/3
   198 | D:1      | Reached XP level 2. HP: 21/23 MP: 3/5
   243 | D:1      | Found a faded altar of an unknown god.
  1249 | D:2      | Reached XP level 3. HP: 29/29 MP: 4/6
  1253 | D:2      | Learned a level 3 spell: Spider Form
  1580 | D:2      | Noticed Terence
  1602 | D:2      | Killed Terence
  1603 | D:2      | Reached skill level 4 in Unarmed Combat
  1603 | D:2      | Reached skill level 1 in Poison Magic
  1603 | D:2      | Reached XP level 4. HP: 18/36 MP: 4/7
  1923 | D:2      | You fall into a shaft and drop 1 floor!
  1945 | D:3      | Found a glowing silver altar of Zin.
  2807 | D:3      | Found a shimmering blue altar of Sif Muna.
  2827 | D:3      | Found Zuvane's Distillery.
  2842 | D:3      | Bought a potion of curing for 36 gold pieces
  2842 | D:3      | Bought a potion of degeneration for 12 gold pieces
  3749 | D:3      | Found a runed translucent gate.
  3750 | D:3      | Found a runed translucent gate.
  3750 | D:3      | Found a runed translucent gate.
  3750 | D:3      | Noticed Megustar's ghost (amateur DEFE)
  3750 | D:3      | Noticed bmj180's ghost (amateur DrCj)
  3750 | D:3      | Noticed bmj180's ghost (amateur HOFi)
  4163 | D:4      | Noticed Natasha
  4257 | D:4      | Noticed a lemure
  4272 | D:4      | Noticed Pikel
  4275 | D:4      | Killed a lemure
  4277 | D:4      | Noticed a lemure
  4277 | D:4      | Noticed a lemure
  4277 | D:4      | Noticed a lemure
  4290 | D:4      | Killed Pikel
  4291 | D:4      | Reached skill level 5 in Unarmed Combat
  4291 | D:4      | Reached XP level 5. HP: 3/46 MP: 3/8
  4291 | D:4      | Reached XP level 6. HP: 4/52 MP: 3/9
  4291 | D:4      | Your scales start taking on a fiery red colour.
  4291 | D:4      | Reached XP level 7. HP: 4/58 MP: 3/10
  4291 | D:4      | Gained mutation: Your flesh is heat resistant. (rF+) [Red
                  | Draconian growth]
  4331 | D:4      | Found a sand-covered staircase.
  4436 | Ossuary  | Entered an ossuary
  4541 | Ossuary  | Learned a level 4 spell: Ice Form
  4783 | Ossuary  | Reached skill level 1 in Ice Magic
  4853 | Ossuary  | Reached skill level 6 in Unarmed Combat
  5126 | D:4      | You fall into a shaft and drop 3 floors!
  5494 | D:7      | Reached XP level 8. HP: 53/67 MP: 11/11
  5597 | D:7      | Reached skill level 5 in Transmutations
  5681 | D:7      | Reached skill level 7 in Unarmed Combat
  6057 | D:7      | Found a runed translucent door.
  6058 | D:7      | Noticed Crazy Yiuf
  6396 | D:7      | Noticed Sigmund
  6524 | D:7      | Killed Sigmund
  6525 | D:7      | Reached skill level 5 in Fighting
  6679 | D:7      | Noticed Maggie
  6734 | D:7      | Noticed Joseph
  6798 | D:7      | HP: 1/68 [Joseph (17)]
  6799 | D:7      | Killed Joseph
  7111 | D:7      | Killed Maggie
  7112 | D:7      | Reached skill level 8 in Unarmed Combat
  7112 | D:7      | Reached XP level 9. HP: 46/74 MP: 8/12
  7819 | D:6      | Found an ornate altar of the Wu Jian Council.
  7827 | D:6      | Found a radiant altar of Vehumet.
  7829 | D:6      | Found an iron altar of Okawaru.
  7830 | D:6      | Found a white marble altar of Elyvilon.
  7834 | D:6      | Became a worshipper of the Wu Jian Council
  7934 | D:6      | Noticed Menkaure
  7943 | D:6      | Found a shadowy altar of Dithmenos.
  7946 | D:6      | Killed Menkaure
  7977 | D:6      | Found a blossoming altar of Fedhas.
  8089 | D:6      | Found a staircase to the Ecumenical Temple.
  8567 | D:6      | Found a basalt altar of Yredelemnul.
  8664 | D:5      | Entered Level 5 of the Dungeon
  8674 | D:5      | Found a hazy altar of Hepliaklqana.
  8768 | D:5      | Reached skill level 9 in Unarmed Combat
  9214 | D:5      | Reached * piety under Wu Jian
  9587 | D:4      | Noticed Dowan
  9590 | D:4      | Noticed Duvessa
  9710 | D:4      | Killed Duvessa
  9715 | D:4      | Killed Dowan
 10191 | D:4      | Killed Natasha
 10419 | D:4      | Noticed Natasha
 10426 | D:4      | Killed Natasha
 11017 | D:4      | Noticed Natasha
 11023 | D:4      | Killed Natasha
 11711 | D:3      | Killed Megustar's ghost
 11724 | D:3      | Killed bmj180's ghost
 11737 | D:3      | Killed bmj180's ghost
 11738 | D:3      | Reached XP level 10. HP: 67/86 MP: 11/13
 12092 | D:7      | Killed Crazy Yiuf
 12188 | D:8      | Identified a scroll of acquirement
 12188 | D:8      | Acquired 805 gold pieces
 12206 | D:8      | Reached skill level 10 in Unarmed Combat
 12309 | D:8      | Found a viscous altar of Jiyva.
 12360 | D:8      | Noticed Harold
 12376 | D:8      | Noticed a two-headed ogre
 12396 | D:8      | Noticed a gargoyle
 12418 | D:8      | Killed Harold
 12437 | D:8      | HP: 4/132 [gargoyle (3)]
 12438 | D:8      | Killed a gargoyle
 12868 | D:8      | Reached ** piety under Wu Jian
 13018 | D:8      | Noticed a manticore
 13027 | D:8      | Killed a manticore
 13028 | D:8      | Reached skill level 11 in Unarmed Combat
 13546 | D:8      | Killed a two-headed ogre
 13854 | D:9      | Noticed a two-headed ogre
 13867 | D:9      | Killed a two-headed ogre
 14314 | D:8      | Reached XP level 11. HP: 25/95 MP: 14/14
 14605 | D:9      | Acquired 971 gold pieces
 15431 | D:9      | Reached skill level 12 in Unarmed Combat
 15495 | D:9      | Noticed a two-headed ogre
 15501 | D:9      | Killed a two-headed ogre
 15785 | D:9      | Found a sparkling altar of Nemelex Xobeh.
 15953 | D:10     | Entered Level 10 of the Dungeon
 16178 | D:10     | Reached *** piety under Wu Jian
 16413 | D:10     | Found a staircase to the Orcish Mines.
 17574 | D:10     | Noticed a two-headed ogre
 17584 | D:10     | Killed a two-headed ogre
 17930 | D:11     | Reached skill level 13 in Unarmed Combat
 18369 | D:10     | Reached skill level 10 in Fighting
 18499 | D:11     | Noticed a skeletal warrior
 18513 | D:10     | Killed a skeletal warrior
 18653 | D:11     | Noticed a skeletal warrior
 18659 | D:11     | Noticed a skeletal warrior
 18676 | D:10     | Killed a skeletal warrior
 19004 | D:11     | Noticed a skeletal warrior
 19005 | D:11     | Killed a skeletal warrior
 19108 | D:11     | Killed a skeletal warrior
 19109 | D:11     | Reached XP level 12. HP: 90/107 MP: 10/15
 19251 | D:11     | Found a staircase to the Lair.
 19595 | D:11     | Reached skill level 10 in Transmutations
 20620 | Lair:1   | Entered Level 1 of the Lair of Beasts
 20667 | Lair:1   | Reached skill level 14 in Unarmed Combat
 20667 | Lair:1   | Slain by a cane toad

Illustrated notes

Levels and vault maps discovered:
D:1:      lightli_arrival_windingriver, layout_basic,
          hellmonk_ecumenical_altar_run_dry, columned_hall_lemuel,
          chequers_serial_rivers_small_3, minmay_misc_feat_columns
D:2:      layout_basic, uniq_terence
D:3:      layout_loops_corners, lemuel_round_altar,
          nicolae_sif_muna_condensation, serial_shops,
          nicolae_shop_temple_entry_statues_fountains, gammafunk_ghost_cemetery
D:4:      layout_cave_pods, enter_ossuary_2, hangedman_decor_clover_reticule,
          uniq_pikel, uniq_duvessa, uniq_natasha
D:5:      layout_cave_pools, mainiacjoe_overflow_small_starburst
D:6:      layout_rooms, nicolae_dithmenos_the_darkroom,
          fedhas_bush_and_centaur_altar, lemuel_tele_altar,
          grunt_temple_overflow_open, minmay_temple_entry_enclosed_plants,
          uniq_menkaure
D:7:      layout_basic, sigmund_army, uniq_maggie, uniq_joseph,
          uniq_crazy_yiuf_cottage
D:8:      layout_loops_cross, jiyva_altar_1, uniq_harold
D:9:      layout_irregular_city, kennysheep_mini, serial_column_ruins,
          column_ruins_grid_1, column_ruins_open_small, column_ruins_grid_4,
          kennysheep_generic_room_13
D:10:     layout_rooms, orc_0_dummy
D:11:     layout_gridville, erik_lair_island, minivault_16, dk_noncrumbling_4
Lair:1:   layout_cave_shapes, portal_ice_cave_entry_ice_simulacra,
          eino_small_chamber_without_monster, hangedman_lair_generics_rect,
          uniq_fannar

Skill      XL: |  1  2  3  4  5  6  7  8  9 10 11 12 |
---------------+-------------------------------------+-----
Fighting       | 2 3 4 5 7 8 10 | 10.6
Unarmed Combat | 4 5 6 8 9 11 13 14 | 14.0
Poison Magic   | 1 2 |  2.0
Transmutations | 4 5 7 8 9 10 | 10.1
Ice Magic      | 2 4 |  4.0
Dodging        | |  1.7
Spellcasting   | |  2.0

Action                   |  1- 3 |  4- 6 |  7- 9 | 10-12 || total
-------------------------+-------+-------+-------+-------++-------
Melee: Unarmed           |   122 |   116 |   284 |   351 ||   873
       Tailslap          |    10 |    10 |    13 |     2 ||    35
       Kick              |    15 |    12 |     9 |       ||    36
       Headbutt          |     6 |    13 |    12 |       ||    31
       Punch             |       |       |     4 |     3 ||     7
 Cast: Beastly Appendage |    14 |    23 |     9 |       ||    46
       Spider Form       |     1 |     1 |     7 |       ||     9
       Ice Form          |       |       |    30 |    40 ||    70
Invok: Lunge             |       |       |    12 |    23 ||    35
       Whirlwind         |       |       |       |    12 ||    12
 Abil: Breathe Fire      |       |       |    12 |    12 ||    24
       Wall Jump         |       |       |       |     1 ||     1
  Use: Scroll            |       |     2 |     9 |    13 ||    24
       Potion            |       |       |     5 |     8 ||    13
 Stab: Sleeping          |       |       |     4 |       ||     4
Armor: Skin              |    52 |    29 |    87 |   153 ||   321
Dodge: Dodged            |    94 |    76 |   154 |   135 ||   459

Table legend: (Time is in decaauts)
 A = Elapsed time spent in this place.
 B = Non-inter-level travel time spent in this place.
 C = Inter-level travel time spent in this place.
 D = Time resting spent in this place.
 E = Time spent auto-exploring this place.
 F = Levels seen in this place.
 G = Mean time per level.
                   A        B        C        D        E       F      G
               +--------+--------+--------+--------+--------+-----+--------+
         Total |  20582 |  19706 |    876 |   1667 |  15491 |  13 | 1583.2 |
       Dungeon |  19907 |  19031 |    876 |   1527 |  15179 |  11 | 1809.7 |
          Lair |     46 |     46 |      0 |      0 |      0 |   1 |   46.0 |
       Ossuary |    628 |    628 |      0 |    140 |    312 |   1 |  628.0 |
               +--------+--------+--------+--------+--------+-----+--------+

Top non-repeatable levels by time:
     D:7: 3161 daAuts
    D:10: 2733 daAuts
     D:4: 2582 daAuts
     D:8: 1912 daAuts
     D:3: 1806 daAuts
     D:9: 1774 daAuts
    D:11: 1538 daAuts
     D:1: 1353 daAuts
     D:2: 1291 daAuts
     D:6: 974 daAuts
     D:5: 778 daAuts
 Ossuary: 628 daAuts
  Lair:1: 46 daAuts
